[Event "December 12 Late 2023"]
[Site "https://www.chess.com"]
[Date "2023.12.12"]
[Round "3"]
[White "Stankovic, Boris"]
[Black "Baches Garcia, Guillermo"]
[Result "0-1"]
[Board "69"]
[TimeControl "180+1"]
[WhiteFideId "985317"]
[BlackFideId "2209764"]
[WhiteElo "2628"]
[BlackElo "2469"]
[WhiteTeam "SRB"]
[BlackTeam "ESP"]
[WhiteClock "0:00:00"]
[BlackClock "0:00:14"]

1. e4 d5 2. Nc3 dxe4 3. Nxe4 Qd5 4. Nc3 Qa5 5. b4 Qxb4 6. Rb1 Qd6 7. d4 c6 8. Bc4 Nf6 9. Nge2 g6 10. Bf4 Qd8 11. O-O Bg7 12. a4 O-O 13. Qd2 Nbd7 14. Rfd1 Nb6 15. Ba2 Nbd5 16. Bg3 b6 17. Nxd5 cxd5 18. Nc3 e6 19. Nb5 Ne4 20. Qe3 Nxg3 21. Qxg3 a6 22. Nd6 Bd7 23. a5 b5 24. Nb7 Qb8 25. Nc5 Bc6 26. c3 Qxg3 27. hxg3 Rfc8 28. f4 Bf8 29. Nd3 Ra7 30. Rb3 Rac7 31. Rc1 f6 32. Kf2 h5 33. Ke3 Kf7 34. Bb1 Bd7 35. Kd2 Be7 36. Nf2 b4 37. Nd3 Ba4 38. Rxb4 Bxb4 39. Nxb4 Bb5 40. Bd3 Bxd3 41. Kxd3 Ke7 42. Rc2 Kd6 43. Rc1 Ra7 44. Kd2 Rb8 45. Rh1 Rb5 46. g4 hxg4 47. Rh6 Rg7 48. Rh8 Rxa5 49. Rd8+ Rd7 50. Rg8 Ra1 51. Rxg6 f5 52. Nd3 Rb7 53. Nc5 Rb2+ 54. Kd3 Rd1+ 55. Ke3 Re1+ 56. Kd3 Rxg2 57. Rg7 Rd1+ 58. Ke3 Re1+ 59. Kd3 g3 60. Rd7+ Kc6 61. Ra7 Rf2 62. Rxa6+ Kc7 63. Nxe6+ Kb8 64. Rb6+ Ka7 65. Rd6 g2 66. Nc5 g1=Q 67. Rd7+ Kb8 68. Na6+ Kc8 0-1

[Event "December 12 Late 2023"]
[Site "https://www.chess.com"]
[Date "2023.12.12"]
[Round "3"]
[White "Serra Canals, Oriol"]
[Black "Vlassov, Nikolai"]
[Result "0-1"]
[Board "70"]
[TimeControl "180+1"]
[WhiteFideId "22276084"]
[BlackFideId "4103360"]
[WhiteElo "2466"]
[BlackElo "2624"]
[WhiteTeam "ESP"]
[BlackTeam "FID"]
[WhiteClock "0:00:00"]
[BlackClock "0:00:28"]

1. d4 Nf6 2. c4 Nc6 3. Nf3 e6 4. g3 Bb4+ 5. Bd2 a5 6. Bg2 d6 7. O-O e5 8. dxe5 dxe5 9. Nc3 O-O 10. a3 Bc5 11. Qc2 h6 12. Rad1 Qe7 13. Nd5 Nxd5 14. cxd5 Nd4 15. Nxd4 Bxd4 16. e3 Bb6 17. b4 Bg4 18. Rc1 Rfc8 19. h3 Be2 20. Rfe1 Bb5 21. a4 Be8 22. b5 Rd8 23. e4 Rd6 24. Be3 Bxe3 25. Rxe3 c6 26. dxc6 bxc6 27. Qc5 cxb5 28. axb5 a4 29. b6 Rd1+ 30. Kh2 Qxc5 31. Rxc5 Rb1 32. Rxe5 Rxb6 33. Ra3 Rb3 34. Rxe8+ Rxe8 35. Rxa4 Rb2 36. Kg1 g5 37. Bf3 Rd8 38. Ra1 Rdd2 39. Rf1 Kg7 40. Bh5 Kf6 41. Bf3 Ke5 42. Kg2 h5 43. g4 hxg4 44. hxg4 Kf4 45. Bd1 Kxe4 46. Bf3+ Kf4 47. Bd1 Rb1 48. Re1 Rbxd1 0-1

[Event "December 12 Late 2023"]
[Site "https://www.chess.com"]
[Date "2023.12.12"]
[Round "3"]
[White "Spata, German"]
[Black "Bazilius, Augustinas"]
[Result "0-1"]
[Board "71"]
[TimeControl "180+1"]
[WhiteFideId "113026"]
[BlackFideId "12832251"]
[WhiteElo "2621"]
[BlackElo "2461"]
[WhiteTeam "ARG"]
[BlackTeam "LTU"]
[WhiteClock "0:00:00"]
[BlackClock "0:00:28"]

1. Nf3 c5 2. b3 Nf6 3. Bb2 g6 4. e3 Bg7 5. c4 d6 6. Be2 O-O 7. O-O b6 8. d4 cxd4 9. Nxd4 Bb7 10. Bf3 Bxf3 11. Qxf3 Nbd7 12. Nc6 Qe8 13. Nc3 Nc5 14. Nd5 Nxd5 15. Bxg7 Kxg7 16. cxd5 Qd7 17. b4 Nb7 18. e4 a5 19. a3 axb4 20. axb4 Rxa1 21. Rxa1 Nd8 22. Ra7 Nb7 23. Qd3 e5 24. Qa6 Qg4 25. Rxb7 Qxe4 26. Rxb6 Qxd5 27. h3 Qd2 28. Qa1 Ra8 29. Na5 h5 30. Rb7 Rc8 31. Qa3 Rc1+ 32. Kh2 Rc3 33. Qa4 Qf4+ 34. Kg1 Rc1+ 0-1

[Event "December 12 Late 2023"]
[Site "https://www.chess.com"]
[Date "2023.12.12"]
[Round "3"]
[White "Mazurkiewicz, Michal"]
[Black "Gubajdullin, Alexei"]
[Result "0-1"]
[Board "72"]
[TimeControl "180+1"]
[WhiteFideId "1124943"]
[BlackFideId "4141202"]
[WhiteElo "2461"]
[BlackElo "2621"]
[WhiteTeam "POL"]
[BlackTeam "RUS"]
[WhiteClock "0:00:02"]
[BlackClock "0:01:38"]

1. e4 g6 2. d4 Bg7 3. Nc3 d6 4. f4 a6 5. Nf3 Nd7 6. a4 e6 7. Be2 Ne7 8. Be3 b6 9. O-O Bb7 10. g4 c5 11. f5 cxd4 12. Bxd4 e5 13. Be3 gxf5 14. gxf5 Nf6 15. Qd3 d5 16. exd5 Nfxd5 17. Nxd5 Nxd5 18. Bg5 Bf6 19. Bxf6 Qxf6 20. Qe4 Qg7+ 21. Kf2 O-O-O 22. Qxe5 Qh6 23. Rad1 Rhe8 24. Qg3 Qe3+ 25. Kg2 Nf4+ 26. Kh1 Nxe2 27. Rxd8+ Rxd8 28. Qg2 Nd4 29. Nxd4 Bxg2+ 30. Kxg2 Rxd4 31. Rf3 Qg5+ 32. Kf2 Rd2+ 33. Ke1 Rxc2 34. Rc3+ Rxc3 35. bxc3 Qxf5 0-1

[Event "December 12 Late 2023"]
[Site "https://www.chess.com"]
[Date "2023.12.12"]
[Round "3"]
[White "Boyer, Mahel"]
[Black "Arnold, Ken"]
[Result "1-0"]
[Board "73"]
[TimeControl "180+1"]
[WhiteFideId "45102422"]
[BlackFideId "2056836"]
[WhiteElo "2620"]
[BlackElo "2460"]
[WhiteTeam "FRA"]
[BlackTeam "USA"]
[WhiteClock "0:00:24"]
[BlackClock "0:01:07"]

1. e4 c6 2. c4 e5 3. d4 Nf6 4. dxe5 Nxe4 5. Bd3 Bb4+ 6. Nd2 Nxd2 7. Bxd2 Qa5 8. Nf3 Na6 9. a3 Bxd2+ 10. Qxd2 Qxd2+ 11. Kxd2 Nc5 12. Bc2 O-O 13. Kc3 f6 14. exf6 Rxf6 15. Rhe1 Ne6 16. Rad1 Kf8 17. Rd2 Ke7 18. Bxh7 g5 19. Nxg5 Rh6 20. Bf5 Rxh2 21. Bh3 Kf6 22. Nf3 Nf4 23. Nxh2 1-0

[Event "December 12 Late 2023"]
[Site "https://www.chess.com"]
[Date "2023.12.12"]
[Round "3"]
[White "Golubev, Mikhail"]
[Black "Dmitrenko, Viktor"]
[Result "1-0"]
[Board "74"]
[TimeControl "180+1"]
[WhiteFideId "14100983"]
[BlackFideId "14110270"]
[WhiteElo "2616"]
[BlackElo "2457"]
[WhiteTeam "UKR"]
[BlackTeam "UKR"]
[WhiteClock "0:00:24"]
[BlackClock "0:00:00"]

1. e4 e6 2. d4 d5 3. Nc3 Bb4 4. e5 Ne7 5. a3 Bxc3+ 6. bxc3 c5 7. a4 Qc7 8. Nf3 Nbc6 9. Ba3 b6 10. Bd3 Bd7 11. O-O c4 12. Be2 O-O 13. Re1 f6 14. Bf1 Rae8 15. g3 fxe5 16. Nxe5 Nxe5 17. Rxe5 Rf6 18. Qe2 Ng6 19. Re3 Bxa4 20. Bh3 Bd7 21. f4 Nf8 22. Re1 Qc6 23. f5 Qa4 24. Bxf8 Rexf8 25. fxe6 Be8 26. e7 R8f7 27. Be6 Qc6 28. Bxf7+ Kxf7 29. Qh5+ Kg8 30. Qe5 a5 31. Rf1 a4 32. Rxf6 gxf6 33. Qb8 Kf7 34. Re1 Qb5 35. Qd6 a3 36. Qxa3 1-0

[Event "December 12 Late 2023"]
[Site "https://www.chess.com"]
[Date "2023.12.12"]
[Round "3"]
[White "Ladan, Nicholas"]
[Black "Olsen, Filip Boe"]
[Result "0-1"]
[Board "75"]
[TimeControl "180+1"]
[WhiteFideId "30918855"]
[BlackFideId "1440640"]
[WhiteElo "2454"]
[BlackElo "2614"]
[WhiteTeam "USA"]
[BlackTeam "DEN"]
[WhiteClock "0:00:00"]
[BlackClock "0:00:44"]

1. d4 d5 2. Nf3 Nf6 3. Bf4 c5 4. e3 Nc6 5. Nbd2 cxd4 6. exd4 Bg4 7. c3 e6 8. Qa4 Nd7 9. Bd3 Be7 10. O-O O-O 11. Rfe1 Bh5 12. Qc2 Bg6 13. Bxg6 hxg6 14. a4 Rc8 15. Qd3 g5 16. Bg3 g6 17. b4 Kg7 18. a5 g4 19. Ne5 Ncxe5 20. Bxe5+ Nxe5 21. Rxe5 Bd6 22. Re3 Bxh2+ 23. Kf1 Bf4 24. Ree1 Rh8 25. Nb3 Qc7 26. Nc5 b6 27. axb6 axb6 28. Na4 g3 29. Ra2 gxf2 30. Kxf2 Rh5 31. Rae2 Bg3+ 32. Qxg3 Rf5+ 33. Qf3 Rxf3+ 34. Kxf3 Qc6 35. Ra1 Ra8 36. Rea2 Rh8 37. Ra3 Qc4 38. Nb2 Qc7 39. Nd3 Rh5 40. Ne5 Rf5+ 41. Ke2 Qd8 42. Kd3 Qg5 43. Kc2 Qxg2+ 44. Kb3 Qe2 45. Ra7 g5 46. Rb7 g4 47. Rg1 Rf4 48. Rxb6 f6 49. Rb7+ Kh6 50. Nf7+ Kg6 51. Nh8+ Kf5 52. Rh7 Qc4+ 53. Ka4 Rf2 54. Rh5+ Kf4 55. Ng6+ Kf3 56. Nh4+ Ke2 0-1

[Event "December 12 Late 2023"]
[Site "https://www.chess.com"]
[Date "2023.12.12"]
[Round "3"]
[White "Weisz, Bryan"]
[Black "Ambartsumova, Karina"]
[Result "0-1"]
[Board "76"]
[TimeControl "180+1"]
[WhiteFideId "30934133"]
[BlackFideId "4166299"]
[WhiteElo "2453"]
[BlackElo "2612"]
[WhiteTeam "USA"]
[BlackTeam "RUS"]
[WhiteClock "0:00:03"]
[BlackClock "0:00:23"]

1. g4 d5 2. Bg2 c6 3. h3 e5 4. d4 e4 5. c4 Be6 6. Qb3 Qd7 7. Nc3 h5 8. g5 Ne7 9. Bf4 Ng6 10. Bh2 Nh4 11. Bf1 dxc4 12. Qc2 e3 13. fxe3 Be7 14. Bf4 Na6 15. Nf3 Ng6 16. a3 Nc7 17. h4 O-O 18. Ne5 Nxe5 19. Bxe5 Bd6 20. O-O-O Bxe5 21. dxe5 Qe7 22. Ne4 Nd5 23. Nf6+ gxf6 24. gxf6 Qc5 25. Rg1+ Bg4 26. Rd4 Nxe3 27. Qe4 Rfd8 28. Qxe3 Rxd4 29. Qg5+ Kf8 30. Qg7+ Ke8 31. Qg8+ Qf8 32. Qg5 Rad8 33. Bg2 c3 34. e6 cxb2+ 35. Kxb2 Rd2+ 36. Kb3 Bxe6+ 37. Ka4 b5+ 38. Ka5 Qxa3# 0-1

[Event "December 12 Late 2023"]
[Site "https://www.chess.com"]
[Date "2023.12.12"]
[Round "3"]
[White "Goncalves, Davi Sulzbacher"]
[Black "Mirzoev, Azer"]
[Result "0-1"]
[Board "77"]
[TimeControl "180+1"]
[WhiteFideId "2154510"]
[BlackFideId "13400304"]
[WhiteElo "2453"]
[BlackElo "2611"]
[WhiteTeam "BRA"]
[BlackTeam "AZE"]
[WhiteClock "0:00:16"]
[BlackClock "0:01:00"]

1. Nf3 c5 2. c4 g6 3. Nc3 Bg7 4. d4 cxd4 5. Nxd4 Nc6 6. Nc2 f5 7. e4 fxe4 8. Nxe4 Nf6 9. Bd3 O-O 10. O-O d6 11. Bg5 Nxe4 12. Bxe4 Bxb2 13. Rb1 Bg7 14. f4 Kh8 15. Qd3 Qc7 16. Ne3 e6 17. Ng4 e5 18. f5 Bxf5 19. Bxf5 gxf5 20. Rxf5 Rxf5 21. Qxf5 Rf8 22. Qe4 Qd7 23. Ne3 b6 24. h4 Nd4 25. h5 Qe6 26. Rf1 Rxf1+ 27. Kxf1 h6 28. Bh4 Qf7+ 29. Kg1 Qxh5 30. Be7 Qf7 31. Bxd6 Ne2+ 0-1

[Event "December 12 Late 2023"]
[Site "https://www.chess.com"]
[Date "2023.12.12"]
[Round "3"]
[White "Rojas Alarcon, Julian Antonio"]
[Black "Belli, Giorgio"]
[Result "1-0"]
[Board "78"]
[TimeControl "180+1"]
[WhiteFideId "5107407"]
[BlackFideId "2808833"]
[WhiteElo "2607"]
[BlackElo "2451"]
[WhiteTeam "MEX"]
[BlackTeam "ITA"]
[WhiteClock "0:01:08"]
[BlackClock "0:00:12"]

1. d4 Nf6 2. c4 e6 3. Nc3 Bb4 4. e3 b6 5. Nf3 O-O 6. Bd3 Bb7 7. Bd2 Bxc3 8. Bxc3 Ne4 9. Rc1 d6 10. O-O Nd7 11. Nd2 f5 12. f3 Nxc3 13. Rxc3 e5 14. b4 c5 15. bxc5 bxc5 16. d5 Qf6 17. e4 f4 18. Ra3 g5 19. Nb3 Rf7 20. Na5 Nb6 21. Be2 Bc8 22. Nc6 Bd7 23. Qb3 Bxc6 24. dxc6 Qd8 25. Rd1 Qc7 26. Qb5 Rc8 27. Rad3 Rf6 28. Qa6 Qxc6 29. Qxa7 Rf7 30. Qa6 Ra8 31. Qb5 Qxb5 32. cxb5 Nc8 33. Rb3 Rb7 34. Bc4+ Kf8 35. Bd5 Rab8 36. Bxb7 Rxb7 37. a4 Ke7 38. a5 Na7 39. b6 Nc6 40. a6 Rb8 41. b7 1-0

[Event "December 12 Late 2023"]
[Site "https://www.chess.com"]
[Date "2023.12.12"]
[Round "3"]
[White "Lopusiewicz, Piotr"]
[Black "Olenik Campa, Rudi"]
[Result "0-1"]
[Board "79"]
[TimeControl "180+1"]
[WhiteFideId "1116029"]
[BlackFideId "14633264"]
[WhiteElo "2445"]
[BlackElo "2599"]
[WhiteTeam "POL"]
[BlackTeam "SLO"]
[WhiteClock "0:00:45"]
[BlackClock "0:02:33"]

1. d4 Nf6 2. c4 g6 3. Nc3 Bg7 4. e4 d6 5. Nf3 O-O 6. Be2 e5 7. O-O Bg4 8. d5 a5 9. Bg5 Na6 10. Nd2 Bd7 11. Kh1 h6 12. Be3 h5 13. h3 Nh7 14. g4 Qh4 15. Kg2 f5 16. Nf3 Qe7 17. exf5 gxf5 18. gxf5 Bxf5 19. Kh2 e4 20. Nd4 Be5+ 21. Kh1 Qh4 22. Rg1+ Kh8 23. Rg2 Qxh3+ 24. Kg1 Rg8 25. Bg4 Rxg4 0-1

[Event "December 12 Late 2023"]
[Site "https://www.chess.com"]
[Date "2023.12.12"]
[Round "3"]
[White "Grinev, Valeriy"]
[Black "Bold, Andre"]
[Result "0-1"]
[Board "80"]
[TimeControl "180+1"]
[WhiteFideId "14117517"]
[BlackFideId "16208471"]
[WhiteElo "2595"]
[BlackElo "2434"]
[WhiteTeam "UKR"]
[BlackTeam "GER"]
[WhiteClock "0:00:58"]
[BlackClock "0:01:16"]

1. d4 d5 2. c4 c6 3. cxd5 cxd5 4. Bf4 Nf6 5. e3 Nc6 6. Nc3 Bf5 7. Qb3 Na5 8. Qa4+ Bd7 9. Qc2 Nc4 10. Nxd5 Nxd5 11. Bxc4 Nxf4 12. exf4 Rc8 13. Qb3 Qa5+ 14. Ke2 Rxc4 15. Nf3 Qb4 16. Kd3 Bf5+ 17. Ke3 Qxb3+ 18. axb3 Rb4 19. Nd2 a6 20. Rhc1 g6 21. Rc7 Bg7 22. Rc4 Rb6 23. Rac1 O-O 24. f3 Be6 25. Ra4 Bxb3 0-1

[Event "December 12 Late 2023"]
[Site "https://www.chess.com"]
[Date "2023.12.12"]
[Round "3"]
[White "Sari, Yasin"]
[Black "Kavyev, Ruslan"]
[Result "0-1"]
[Board "81"]
[TimeControl "180+1"]
[WhiteFideId "6320902"]
[BlackFideId "34110981"]
[WhiteElo "2425"]
[BlackElo "2589"]
[WhiteTeam "TUR"]
[BlackTeam "RUS"]
[WhiteClock "0:00:00"]
[BlackClock "0:01:19"]

1. d4 Nf6 2. Bf4 c5 3. e3 Qb6 4. Nc3 cxd4 5. exd4 d5 6. Nb5 Na6 7. c3 Bd7 8. a4 e6 9. Nf3 Be7 10. Bd3 O-O 11. Ne5 Bxb5 12. axb5 Nc7 13. Qe2 Nce8 14. g4 Rd8 15. g5 Nd7 16. Qh5 f5 17. gxf6 Nexf6 18. Qh3 Nxe5 19. Bxe5 Ne4 20. Rg1 Bf6 21. f3 Bxe5 22. fxe4 Bxd4 23. cxd4 Qxd4 24. O-O-O dxe4 25. Bc2 Qc4 26. Kb1 Rc8 27. Bb3 Qxb5 28. Bxe6+ Kh8 29. Bxc8 e3 30. Qxe3 Rxc8 31. Qd4 Qf5+ 32. Rd3 Rg8 33. Qd5 Qf2 34. Rgd1 h6 35. Qd7 Qxh2 36. R1d2 Qg1+ 37. Ka2 Qb6 38. Qd6 Qa5+ 39. Kb1 Re8 40. Qd7 Qh5 41. Rd1 Qg6 42. Qxe8+ Qxe8 43. Rd8 Qxd8 44. Rxd8+ Kh7 45. Rd7 h5 46. Rxb7 h4 47. Rxa7 Kh6 48. Ra3 g5 49. b4 g4 50. b5 h3 51. Rg3 h2 0-1

[Event "December 12 Late 2023"]
[Site "https://www.chess.com"]
[Date "2023.12.12"]
[Round "3"]
[White "Ballester Llagaria, Luis Eduardo"]
[Black "Melikhov, Evgeny V."]
[Result "1-0"]
[Board "82"]
[TimeControl "180+1"]
[WhiteFideId "2297620"]
[BlackFideId "4122046"]
[WhiteElo "2584"]
[BlackElo "2417"]
[WhiteTeam "ESP"]
[BlackTeam "GRE"]
[WhiteClock "0:00:06"]
[BlackClock "0:00:03"]

1. e4 e5 2. Nc3 Nf6 3. Nf3 Nc6 4. a3 d5 5. Bb5 dxe4 6. Nxe5 Bd7 7. Nxd7 Qxd7 8. d3 exd3 9. O-O O-O-O 10. Qxd3 Qxd3 11. Bxd3 h6 12. Bf4 Bd6 13. Bxd6 Rxd6 14. Rfe1 a6 15. f3 Rdd8 16. Kf2 Rhe8 17. Rxe8 Rxe8 18. Rd1 g6 19. Ne4 Nxe4+ 20. Bxe4 Ne5 21. b3 c6 22. c4 Kc7 23. Bc2 c5 24. h3 Nc6 25. Be4 Nd4 26. b4 b6 27. bxc5 bxc5 28. Rb1 Rb8 29. Rxb8 Kxb8 30. Bd5 f6 31. h4 Kc7 32. g4 g5 33. hxg5 hxg5 34. Ke3 Kd6 35. Ke4 a5 36. Bf7 Nc2 37. Be8 Nxa3 38. Kd3 Ke5 39. Ba4 Kf4 40. Bc6 Ke5 41. Kc3 Nb1+ 42. Kc2 Kd4 43. Kxb1 Kxc4 44. Kb2 Kd3 45. Be4+ Kd4 46. Kb3 c4+ 47. Kc2 a4 48. Bg6 a3 49. Be4 Ke3 50. Bd5 a2 51. Kb2 Kd2 52. Bxc4 Ke3 53. Bd5 Kf4 54. Be4 f5 55. gxf5 g4 56. fxg4 Kxe4 57. f6 Kf4 58. f7 Kxg4 59. f8=Q Kg5 60. Ka1 1-0

[Event "December 12 Late 2023"]
[Site "https://www.chess.com"]
[Date "2023.12.12"]
[Round "3"]
[White "Dubessay, Bastien"]
[Black "Perea Fruet, Lorenzo"]
[Result "1-0"]
[Board "83"]
[TimeControl "180+1"]
[WhiteFideId "650048"]
[BlackFideId "24595870"]
[WhiteElo "2415"]
[BlackElo "2578"]
[WhiteTeam "FRA"]
[BlackTeam "ESP"]
[WhiteClock "0:00:53"]
[BlackClock "0:00:00"]

1. d4 b6 2. c4 e6 3. Nc3 Bb7 4. f3 c5 5. d5 exd5 6. cxd5 d6 7. e4 a6 8. a4 g6 9. Nh3 Bg7 10. Be2 Qh4+ 11. Nf2 Bd4 12. g3 Qe7 13. O-O Nd7 14. Kg2 Bg7 15. Be3 Ngf6 16. Qd2 O-O 17. Bh6 Bxh6 18. Qxh6 Nxd5 19. exd5 Nf6 20. Rfe1 Qd7 21. Qd2 Rae8 22. Bc4 Kg7 23. Nfe4 Bc8 24. Nxf6 Kxf6 25. Qh6 Qf5 26. Ne4+ Ke7 27. Qg5+ Qxg5 28. Nxg5+ Kd8 29. Nxh7 Rh8 30. Ng5 Ref8 31. Ne4 Kc7 32. h4 f6 33. f4 Rh6 34. Nc3 g5 35. Re7+ Kd8 36. Rae1 gxh4 37. Rg7 hxg3 38. Ra7 1-0

[Event "December 12 Late 2023"]
[Site "https://www.chess.com"]
[Date "2023.12.12"]
[Round "3"]
[White "Aghasiyev, Kamal"]
[Black "Zakarian, David"]
[Result "1-0"]
[Board "84"]
[TimeControl "180+1"]
[WhiteFideId "13402854"]
[BlackFideId "13301276"]
[WhiteElo "2578"]
[BlackElo "2408"]
[WhiteTeam "AZE"]
[BlackTeam "ARM"]
[WhiteClock "0:00:10"]
[BlackClock "0:00:26"]

1. d4 Nf6 2. c4 e6 3. Nc3 Bb4 4. Bd2 O-O 5. Nf3 b6 6. e3 Bb7 7. Bd3 Bxc3 8. Bxc3 Ne4 9. Qc2 f5 10. Nd2 d5 11. Nxe4 dxe4 12. Be2 Qg5 13. g3 Nd7 14. O-O-O c5 15. Kb1 cxd4 16. Bxd4 e5 17. Bc3 Qe7 18. Qa4 Nc5 19. Bb4 Rfc8 20. Bxc5 Qxc5 21. Qd7 Ba6 22. Qe6+ Kh8 23. Rd7 Rc6 24. Qf7 Rg8 25. Rc1 b5 26. Rd5 Qb4 27. a3 Qb3 28. Bd1 Qxc4 29. Rxc4 bxc4 30. Rxe5 c3 31. Bb3 Bd3+ 32. Ka2 Rcc8 33. bxc3 Rgf8 34. Qe7 h6 35. Kb2 Rfd8 36. Rxf5 Be2 37. a4 Rd2+ 38. Ka3 Rdd8 39. Rf7 Rg8 40. Qxe4 Bh5 41. Re7 Be8 42. Qe5 Bg6 43. Bxg8 Rxg8 44. Re6 Kh7 45. Rxg6 Kxg6 46. Qe6+ Kh7 47. Qxg8+ Kxg8 48. Kb4 Kf7 49. c4 Ke6 50. c5 Ke5 51. c6 Kd6 52. Kb5 Kc7 53. Kc5 a5 54. e4 g5 55. e5 g4 56. e6 h5 57. e7 h4 58. e8=Q hxg3 59. Qd7+ Kb8 60. Qb7# 1-0

[Event "December 12 Late 2023"]
[Site "https://www.chess.com"]
[Date "2023.12.12"]
[Round "3"]
[White "Laddha, Shubh Jayesh"]
[Black "Esmeraldas Huachi, Anderson"]
[Result "1-0"]
[Board "85"]
[TimeControl "180+1"]
[WhiteFideId "30942799"]
[BlackFideId "3616363"]
[WhiteElo "2578"]
[BlackElo "2406"]
[WhiteTeam "USA"]
[BlackTeam "ECU"]
[WhiteClock "0:00:14"]
[BlackClock "0:00:28"]

1. c4 e5 2. g3 Nc6 3. Bg2 f5 4. Nc3 Nf6 5. e3 d6 6. Nge2 g6 7. O-O Bg7 8. Rb1 O-O 9. b4 Ne7 10. b5 c6 11. a4 Be6 12. a5 Qxa5 13. d3 d5 14. cxd5 cxd5 15. d4 e4 16. Bd2 Qc7 17. Nf4 Bf7 18. Qb3 Rfc8 19. Na4 b6 20. h4 h6 21. Rfc1 Qd7 22. Bh3 g5 23. hxg5 hxg5 24. Ne2 Bf8 25. Ra1 Rxc1+ 26. Bxc1 Rc8 27. Nac3 Rc7 28. Ba3 Ng6 29. Bxf8 Nxf8 30. Rb1 Be6 31. Bg2 Ng6 32. Na2 f4 33. gxf4 gxf4 34. exf4 Bg4 35. Qg3 Nh5 36. Qe3 Bxe2 37. Qxe2 Nhxf4 38. Qf1 Qg4 39. Rb3 Rg7 40. Nc1 Nxg2 41. Rg3 N6h4 42. Rxg4 Rxg4 43. Kh2 Rg5 44. Ne2 Nf3+ 45. Kh3 Nf4+ 46. Nxf4 Rg1 47. Qe2 Kf7 48. Qa2 Rh1+ 49. Kg4 Kf6 50. Nxd5+ Kg7 51. Qxa7+ Kh6 52. Qxb6+ Kg7 53. Qc7+ Kg6 54. Qd6+ Kg7 55. Qe7+ Kg6 56. Qf6+ Kh7 57. Qf7+ Kh6 58. Qf4+ Kg6 59. Qxe4+ Kh6 60. Qxf3 Rg1+ 61. Kf4 Rg5 62. Qh3+ Kg6 63. Qg4 Rxg4+ 64. Kxg4 Kf7 65. b6 Ke6 66. b7 Kxd5 67. b8=Q Ke4 68. Qe5+ Kd3 69. d5 Kc4 70. d6 Kb4 71. d7 Kc4 72. d8=Q Kb4 73. Qec7 1-0

[Event "December 12 Late 2023"]
[Site "https://www.chess.com"]
[Date "2023.12.12"]
[Round "3"]
[White "Assylov, Miras"]
[Black "Luong Phuong Hanh"]
[Result "1-0"]
[Board "86"]
[TimeControl "180+1"]
[WhiteFideId "13728873"]
[BlackFideId "12401013"]
[WhiteElo "2574"]
[BlackElo "2406"]
[WhiteTeam "KAZ"]
[BlackTeam "VIE"]
[WhiteClock "0:00:02"]
[BlackClock "0:00:00"]

1. b3 e5 2. Bb2 d6 3. e3 g6 4. d4 Bg7 5. dxe5 Nc6 6. Nf3 Nge7 7. Nbd2 dxe5 8. Be2 O-O 9. O-O e4 10. Bxg7 exf3 11. Bxf8 fxe2 12. Qxe2 Kxf8 13. Rfd1 Be6 14. c4 Qc8 15. Ne4 Bf5 16. Nf6 h5 17. Qb2 Qe6 18. e4 Bg4 19. f3 Ne5 20. Nd5 Nxd5 21. exd5 Qf6 22. Qa3+ Kg8 23. fxg4 Nxg4 24. h3 Ne3 25. Rf1 Qd4 26. Kh1 Qd2 27. Rg1 Nf5 28. Qc1 Qd4 29. Rd1 Ng3+ 30. Kh2 Qe5 31. Qc2 Nf1+ 32. Kg1 Ng3 33. Qf2 h4 34. Re1 Qc3 35. Rac1 Qg7 36. Re3 Nf5 37. Re2 Qh6 38. Rce1 Kg7 39. Re8 Rxe8 40. Rxe8 Qc1+ 41. Re1 Qc3 42. Rf1 Kh7 43. Qf4 Kg7 44. Qg4 Qe3+ 45. Kh2 Qe5+ 46. Qf4 Qc3 47. Rf2 c6 48. dxc6 bxc6 49. Qe4 Qf6 50. Rxf5 gxf5 51. Qf4 Kg6 52. Kg1 c5 53. Qf2 Qe7 54. Kh2 Kg7 55. g3 Qe5 56. Kg2 1-0

[Event "December 12 Late 2023"]
[Site "https://www.chess.com"]
[Date "2023.12.12"]
[Round "3"]
[White "Marchesich, Giovanni"]
[Black "Hajiyev, Kanan"]
[Result "0-1"]
[Board "87"]
[TimeControl "180+1"]
[WhiteFideId "2824790"]
[BlackFideId "13404148"]
[WhiteElo "2404"]
[BlackElo "2571"]
[WhiteTeam "ITA"]
[BlackTeam "AZE"]
[WhiteClock "0:00:02"]
[BlackClock "0:00:08"]

1. d4 c6 2. Bg5 d5 3. Nc3 Bf5 4. f3 Qb6 5. e4 dxe4 6. fxe4 Bg6 7. Rb1 e6 8. Nf3 Nf6 9. Bd3 Bb4 10. Bxf6 gxf6 11. O-O Nd7 12. Ne2 Bd6 13. c3 O-O-O 14. Kh1 h5 15. b4 h4 16. c4 h3 17. c5 hxg2+ 18. Kxg2 Qc7 19. cxd6 Qxd6 20. Ng3 Rdg8 21. e5 fxe5 22. Bxg6 Rxg6 23. dxe5 Qe7 24. Qd6 Qxd6 25. exd6 e5 26. Rbe1 Re8 27. Nh4 Rg4 28. Re4 Rxe4 29. Nxe4 Rf8 30. Nf6 b6 31. Rf5 Nxf6 32. Rxf6 Kd7 33. Ng6 Rg8 34. Rxf7+ Ke6 35. Rxa7 Rxg6+ 36. Kf3 Kxd6 37. a4 Rf6+ 38. Ke3 Rf4 39. b5 cxb5 40. axb5 Rb4 41. Rb7 Rxb5 42. h4 Kc6 43. Re7 Kd6 44. Rb7 Rb3+ 45. Ke4 Rb4+ 46. Ke3 Kc6 47. Re7 Rxh4 48. Rxe5 Rc4 49. Kd3 Rc1 50. Kd2 Rc5 51. Re3 Kb5 52. Rb3+ Ka5 53. Rb1 b5 54. Ra1+ Kb6 55. Rb1 Ka5 56. Ra1+ Kb6 57. Rb1 Rc4 58. Kd3 Kc5 59. Rb2 b4 60. Rb1 Rc3+ 61. Kd2 Kc4 62. Rh1 Kb3 63. Rb1+ Ka3 64. Ra1+ Kb2 65. Ra4 b3 66. Rh4 Rc5 67. Rh1 Rd5+ 68. Ke3 Kc2 69. Ke4 Rd7 70. Ke3 b2 71. Rh2+ Kc3 72. Rh1 Kb3 0-1

[Event "December 12 Late 2023"]
[Site "https://www.chess.com"]
[Date "2023.12.12"]
[Round "3"]
[White "Olsson, William"]
[Black "Espinoza Villanueva, Rodrigo"]
[Result "0-1"]
[Board "88"]
[TimeControl "180+1"]
[WhiteFideId "1741721"]
[BlackFideId "5140188"]
[WhiteElo "2402"]
[BlackElo "2564"]
[WhiteTeam "SWE"]
[BlackTeam "MEX"]
[WhiteClock "0:00:00"]
[BlackClock "0:01:19"]

1. c4 Nf6 2. g3 g6 3. Bg2 Bg7 4. Nc3 O-O 5. d4 d6 6. Nf3 Nc6 7. O-O a6 8. d5 Na5 9. b3 c5 10. Bb2 b5 11. cxb5 axb5 12. Nxb5 Ba6 13. Nc3 Qb6 14. Qc2 Rfb8 15. Na4 Qb7 16. Rfd1 c4 17. b4 Qxb4 18. Bc3 Qa3 19. Bb2 Rxb2 20. Nxb2 c3 21. Nd3 Nc4 22. Nd4 Nd7 23. Nc6 Nc5 24. Nxc5 dxc5 25. Nxe7+ Kf8 26. d6 Rd8 27. Nc6 Rxd6 28. Rxd6 Nxd6 29. Qd1 c4 30. Rb1 Bf6 31. Rb8+ Kg7 32. Qc2 Bb7 33. h4 Qb2 0-1

[Event "December 12 Late 2023"]
[Site "https://www.chess.com"]
[Date "2023.12.12"]
[Round "3"]
[White "Zeneli, Klendi"]
[Black "Yandarbiev, Ruslan"]
[Result "1-0"]
[Board "89"]
[TimeControl "180+1"]
[WhiteFideId "4706609"]
[BlackFideId "4115023"]
[WhiteElo "2401"]
[BlackElo "2564"]
[WhiteTeam "ALB"]
[BlackTeam "RUS"]
[WhiteClock "0:01:19"]
[BlackClock "0:00:16"]

1. e4 e5 2. Nf3 Nc6 3. d4 exd4 4. Bc4 Nf6 5. O-O Bc5 6. e5 d5 7. exf6 dxc4 8. fxg7 Rg8 9. Bh6 Qf6 10. Bg5 Qxg7 11. g3 h6 12. Bf4 Bb6 13. Nbd2 Be6 14. Qe2 c3 15. bxc3 dxc3 16. Nc4 O-O-O 17. Nxb6+ axb6 18. Ne5 Bd5 19. Nxc6 Bxc6 20. a4 Rge8 21. Qh5 Qd4 22. Qxf7 Qe4 23. Qxc7# 1-0

[Event "December 12 Late 2023"]
[Site "https://www.chess.com"]
[Date "2023.12.12"]
[Round "3"]
[White "Filgueira, Hernan"]
[Black "NovakRatko"]
[Result "1-0"]
[Board "90"]
[TimeControl "180+1"]
[WhiteFideId "101770"]
[WhiteElo "2561"]
[BlackElo "2387"]
[WhiteTeam "ARG"]
[WhiteClock "0:01:56"]
[BlackClock "0:01:12"]

1. b3 d5 2. Bb2 c5 3. e3 Nc6 4. Bb5 f6 5. f4 Qb6 6. Nc3 e6 7. a4 a6 8. a5 Qc7 9. Bxc6+ Qxc6 10. Nf3 Bd6 11. O-O Ne7 12. Na4 O-O 13. Nb6 Rb8 14. c4 dxc4 15. bxc4 Bc7 16. Nxc8 Rbxc8 17. Bc3 Rcd8 18. Qb3 Rd3 19. Rfb1 Rb8 20. Qc2 Rbd8 21. Ne1 R3d7 22. Qa4 Bb8 23. Qxc6 Nxc6 24. Kf1 e5 25. g3 exf4 26. gxf4 Kf7 27. Ke2 g5 28. fxg5 fxg5 29. Nf3 h6 30. Rb6 Bxh2 31. Nxh2 g4 32. Nxg4 1-0